Map: Overgrowth LE

Players

meowmeowcute - Winner!

  • Race: Protoss Protoss
  • Spawn Location: 1:00

A.I. 1 (Medium)

  • Race: Terran Terran
  • Spawn Location: 7:00

VOD

Have the link to the VOD?

Description

Time

  • Played on: June 23, 2018, 4:12 p.m.
  • Length: 18:44
Show
View Real Time Build Order
Export as new Build Order

meowmeowcute Protoss - Winner!

Build Orders:  

Get SALT Encoding   

  12  0:17  Pylon  
  12  0:26  Assimilator  
  12  0:27  Probe  
  13  0:39  Probe  
  14  0:52  Probe  
  14  0:57  Gateway  
  15  1:10  Pylon  
  15  1:12  Probe  
  16  1:19  Pylon  
  16  1:20  Probe  
  17  1:29  Probe  
  18  1:41  Probe  
  19  1:55  Cybernetics Core, Probe  
  20  2:01  Assimilator  
  20  2:02  Zealot  
  20  2:07  Probe  
  23  2:19  Probe  
  24  2:22  Forge  
  24  2:29  Zealot  
  26  2:39  Gateway  
  26  2:42  Pylon  
  26  2:59  Warp Gate  
  26  3:16  Stargate  
  26  3:21  Sentry  
  28  3:30  Zealot  
  30  3:39  Probe  
  30  3:47  Zealot  
  30  3:48  Probe  
  34  3:57  Probe  
  35  4:03  Oracle, Stargate  
  35  4:09  Probe  
  39  4:13  Adept  
  39  4:14  Adept  
  43  4:21  Probe  
  44  4:46  Oracle  
  44  4:47  Nexus  
  47  4:59  Gateway  
  47  5:00  Gateway  
  47  5:08  Assimilator  
  47  5:12  Assimilator  
  47  5:22  Pylon  
  47  5:26  Pylon  
  47  5:40  Oracle  
  50  5:44  Phoenix  
  52  5:50  Adept  
  52  5:51  Adept  
  56  6:08  Protoss Air Weapons Level 1  
  56  6:31  Probe  
  57  6:40  Pylon  
  57  6:43  Probe  
  58  6:51  Photon Cannon  
  58  6:53  Photon Cannon  
  58  6:55  Probe  
  59  7:07  Probe  
  60  7:11  Probe  
  61  7:17  Adept  
  61  7:18  Adept  
  61  7:19  Adept, Probe  
  61  7:20  Adept  
  64  7:38  Fleet Beacon  
  62  7:54  Phoenix  
  62  8:00  Probe  
  62  8:01  Phoenix  
  67  8:08  Probe  
  68  8:14  Carrier  
  68  8:18  Probe  
  68  8:20  Adept x2  
  68  8:21  Adept  
  68  8:22  Adept  
  83  8:30  Probe  
  84  8:35  Graviton Catapult  
  84  8:40  Probe  
  84  8:48  Probe  
  86  9:30  Pylon  
  86  9:36  Nexus  
  86  9:41  Assimilator  
  86  9:46  Protoss Shields Level 1  
  86  9:47  Assimilator  
  86  9:48  Carrier, Protoss Air Armor Level 1, Probe  
  93  10:00  Probe  
  94  10:15  Robotics Facility  
  94  10:17  Pylon  
  94  10:35  Probe  
  95  10:48  Mothership  
  103  10:50  Pylon  
  103  10:51  Adept, Carrier  
  103  10:52  Adept x2  
  103  10:53  Adept, Pylon  
  117  11:33  Probe  
  118  11:42  Adept x2  
  118  11:43  Adept  
  118  11:44  Adept  
  118  11:45  Probe  
  127  11:49  Carrier  
  125  11:57  Probe  
  132  12:10  Pylon, Probe  
  132  12:11  Pylon  
  132  12:12  Pylon  
  132  12:15  Pylon  
  133  12:20  Protoss Ground Armor Level 1  
  133  12:22  Protoss Air Armor Level 2  
  133  12:28  Probe  
  134  12:42  Probe  
  135  12:59  Adept x3  
  135  13:00  Adept  
  143  13:06  Carrier  
  143  13:15  Immortal  
  153  13:33  Adept  
  155  13:35  Adept x2  
  155  13:36  Adept  
  161  13:43  Phoenix  
  163  14:04  Pylon  
  163  14:05  Pylon, Phoenix  
  163  14:07  Pylon  
  163  14:09  Pylon  
  165  14:14  Protoss Ground Weapons Level 1  
  165  14:18  Probe  
  165  14:22  Immortal  
  165  14:23  Phoenix  
  170  14:29  Probe  
  173  14:38  Protoss Air Weapons Level 2  
  173  14:42  Probe  
  174  14:46  Sentry  
  174  14:50  Sentry x2  
  174  14:51  Sentry  
  182  14:54  Probe  
  183  15:01  Immortal  
  183  15:06  Tempest, Probe  
  194  15:16  Pylon  
  194  15:18  Probe  
  194  15:20  Sentry  
  197  15:34  Probe  
  198  15:53  Nexus  
  198  15:56  Tempest  
  197  16:10  Assimilator  
  197  16:14  Assimilator  
  191  17:03  Probe  
  188  17:11  Probe  
  188  17:21  Probe  
  188  17:33  Probe  
  188  17:45  Probe  
Show
View Real Time Build Order
Export as new Build Order

A.I. 1 (Medium) Terran 

Build Orders:  

Get SALT Encoding   

  12  0:00  SCV  
  13  0:13  SCV  
  14  0:19  Supply Depot  
  14  0:25  SCV  
  15  0:40  SCV  
  16  0:43  Barracks  
  16  0:49  Refinery  
  16  0:53  SCV  
  17  1:05  SCV  
  18  1:15  Supply Depot  
  18  1:29  Marine  
  18  1:32  Orbital Command, Barracks  
  19  1:42  Refinery  
  19  1:48  Barracks Tech Lab  
  19  2:06  Marine  
  20  2:13  Supply Depot  
  20  2:19  Marine  
  21  2:33  Marine  
  22  2:43  Supply Depot  
  22  2:46  Marine  
  23  2:52  SCV  
  24  3:00  Marine  
  24  3:04  Engineering Bay, SCV  
  26  3:14  Marine  
  26  3:16  SCV  
  28  3:27  Marine  
  28  3:28  SCV  
  30  3:40  SCV  
  31  3:46  Supply Depot, Marauder  
  33  3:52  SCV  
  33  3:54  Marine  
  35  4:09  Marauder  
  37  4:30  Marauder  
  39  4:51  Marauder  
  41  6:53  Barracks Tech Lab, Marine  
  42  6:56  Factory  
  42  6:58  Factory  
  42  7:00  Missile Turret  
  42  7:02  Command Center, Missile Turret  
  42  7:07  Sensor Tower  
  42  7:11  Ghost Academy  
  42  7:14  Barracks  
  42  7:23  Bunker  
  42  7:31  Marine  
  37  7:39  Factory Tech Lab  
  37  7:41  Marine  
  32  7:44  Starport  
  32  7:48  Factory Tech Lab, Armory  
  27  7:51  Marine  
  28  8:01  Marine  
  28  8:02  Barracks Reactor  
  29  8:12  Marauder  
  31  8:15  SCV  
  31  8:18  SCV  
  33  8:21  Marine  
  34  8:27  SCV  
  34  8:28  Starport Tech Lab, Missile Turret  
  34  8:30  Missile Turret, SCV  
  34  8:32  Refinery  
  34  8:33  Marine  
  37  8:35  Refinery  
  37  8:39  SCV  
  38  8:41  Marine  
  38  8:42  SCV  
  38  8:47  Raven  
  42  8:51  Marine, Bunker, SCV  
  42  8:54  SCV  
  45  9:02  Marauder  
  47  9:03  SCV  
  47  9:06  SCV  
  49  9:12  Marauder  
  49  9:15  SCV  
  52  9:18  SCV  
  52  9:22  Ghost  
  55  9:27  SCV  
  55  9:30  Raven, SCV  
  59  9:31  Marine  
  59  9:33  Supply Depot  
  60  9:40  SCV  
  60  9:42  Marauder, SCV  
  64  9:52  SCV  
  65  9:54  SCV  
  66  10:04  SCV  
  67  11:30  Ghost  
  67  11:31  Medivac  
  67  11:32  Stimpack, Combat Shields, Terran Infantry Weapons Level 1  
  71  11:37  Reaper, Starport  
  71  11:39  Supply Depot  
  72  11:42  Command Center, Fusion Core  
  72  11:44  Marine  
  72  11:46  Engineering Bay  
  63  11:49  Armory  
  63  11:50  Marine  
  54  11:59  Marine  
  54  12:01  Raven  
  53  12:03  Supply Depot, Marine  
  56  12:10  Marine  
  56  12:12  Terran Infantry Armor Level 1  
  56  12:13  Medivac  
  59  12:16  Marine  
  60  12:23  Marine  
  60  12:29  Marine  
  62  12:36  Marine  
  63  12:42  Marine  
  63  12:43  Starport Tech Lab  
  63  12:44  Raven  
  66  12:48  Ghost  
  66  12:50  Concussive Shells  
  68  12:55  Reaper  
  68  12:56  SCV  
  70  12:58  SCV  
  70  13:01  SCV  
  70  13:02  Marauder  
  74  13:08  SCV  
  74  13:11  Refinery, SCV  
  74  13:12  Missile Turret  
  75  13:13  SCV  
  75  13:16  Missile Turret  
  75  13:17  Ghost  
  75  13:18  Refinery  
  78  13:20  SCV  
  78  13:22  Raven  
  78  13:23  Marauder, SCV  
  78  13:25  SCV  
  83  13:32  SCV  
  84  13:35  SCV  
  84  13:38  Bunker, SCV  
  86  13:44  Ghost  
  88  14:48  SCV  
  88  15:08  Raven  
  88  15:43  Siege Tank  
  88  15:44  Terran Infantry Armor Level 2  
  88  15:45  Terran Vehicle Weapons Level 1, Supply Depot  
  88  15:49  Hellion  
  93  15:53  Medivac, Raven  
  83  15:58  Marine  
  83  16:04  Marine  
  67  16:09  Marine  
  66  16:15  Marine  
  66  16:17  Supply Depot, SCV  
  61  16:20  SCV  
  61  16:21  Marine  
  61  16:22  Raven, Missile Turret  
  59  16:27  Marine  
  59  16:29  SCV  
  59  16:32  SCV  
  48  16:33  Marine  
  48  16:36  Raven  
  48  16:38  Marine  
  51  16:42  SCV  
  51  16:44  Siege Tank, SCV  
  51  16:46  Command Center  
  42  16:50  Hellion  
  38  16:56  SCV, Marine  
  30  17:01  Marine  
  30  17:05  Raven  
  30  17:07  Marine  
  23  17:09  SCV  
Tags
 
Add a new tag
Caveats
  • Supply blocks, unpowered buildings, or Contaminate may cause inaccurate times.
  • Supply counts are checked every 10 seconds.